 Dungeon Crawl Stone Soup version 0.24-a0-181-gd121a6d (webtiles) character file.

Game seed: 11724022057714717023

52 pmoppi the Poker (level 3, -3/28 HPs)
             Began as a Merfolk Skald on Mar 14, 2019.
             Slain by a goblin
             ... wielding a +0 club
             ... led by Robin
              (5 damage)
             ... on level 1 of the Dungeon.
             The game lasted 00:02:19 (1576 turns).

pmoppi the Poker (Merfolk Skald)                    Turns: 1576, Time: 00:02:19

Health: -3/28      AC:  4    Str: 12    XL:     3   Next: 85%
Magic:  5/6        EV: 12    Int: 12    God:
Gold:   60         SH:  0    Dex: 13    Spells: 3/6 levels left

rFire    . . .     SeeInvis .   a - +0 spear
rCold    . . .     Gourm    .   (no shield)
rNeg     . . .     Faith    .   j - +0 leather armour (curse)
rPois    .         Spirit   .   (no helmet)
rElec    .         Reflect  .   (no cloak)
rCorr    .         Harm     .   c - +0 pair of gloves
MR       .....                  (no boots)
Stlth    +.........             (no amulet)
HPRegen  0.09/turn              (no ring)
MPRegen  0.10/turn              (no ring)

@: singing
A: change form in water, swift swim, stealthy swim
a: no special abilities


You were on level 1 of the Dungeon.
You were hungry.

You visited 1 branch of the dungeon, and saw 2 of its levels.

You collected 60 gold pieces.

Inventory:

Hand Weapons
 a - a +0 spear (weapon)
Armour
 c - a +0 pair of gloves (worn)
 h - a +0 ring mail
 j - a cursed +0 leather armour (worn)
Jewellery
 i - a +3 ring of protection {unknown}
Scrolls
 e - 3 scrolls of blinking {unknown}
 g - 2 scrolls of identify {unknown}
Potions
 f - a potion of degeneration {unknown}
 k - 2 potions of brilliance {unknown}
Comestibles
 d - 6 rations


   Skills:
 + Level 2.9 Fighting
 * Level 4.7 Polearms
 - Level 0.6 Armour
 - Level 2.6 Dodging
 - Level 2.0 Spellcasting
 + Level 3.8 Charms


You had 3 spell levels left.
You knew the following spells:

 Your Spells              Type           Power        Failure   Level  Hunger
a - Song of Slaying       Chrm           ##......     11%         2    ###....
c - Infusion              Chrm           ##..         8%          1    ##.....

Your spell library contained the following spells:

 Spells                   Type           Power        Failure   Level  Hunger
 Shroud of Golubria       Chrm/Tloc      #.........   24%         2    ###....
 Regeneration             Chrm/Necr      #.........   43%         3    ####...
 Spectral Weapon          Hex/Chrm       #.......     43%         3    ####...


Dungeon Overview and Level Annotations

Branches:
Dungeon (2/15)

Altars:
Gozag
Nemelex Xobeh
Sif Muna
Xom


Message History

You barely miss the goblin. You hit the goblin.
The goblin is severely wounded.
The goblin hits you with a +0 club!
You are too injured to fight recklessly!
You are too injured to fight recklessly!
You are too injured to fight recklessly!
You closely miss the goblin.
The goblin is severely wounded.
You hear a shout!
The hobgoblin hits you with a +0 club!
* * * LOW HITPOINT WARNING * * *
The goblin barely misses you.
The hobgoblin hits you but does no damage.
The goblin barely misses you.
You climb upwards.
There is a stone staircase leading down here.
The goblin no longer looks unusually strong.
The goblin hits you with a +0 club.
You die...

# #.....##'##.÷÷..##........ ###
#......#.#..######...(.... ..#
#....#.#+#.###.).....(.... ..#
#....#.#.#.# #.###........
..######....#.#'#.# #.#..........
............#.....# #.#.#........
)..(........####.## #.#.#...#####
...............gg####.#.###.#####
................@#.)..#.# #......
÷................#.####.#########
.....(...........#..........#
....((............>.....###.#
.................##.....# #.####
.................##.....# #....#
##############..[.......# ####.#
#..........######'##
#..........#........


You could see a hobgoblin and a goblin.

Vanquished Creatures
  Robin (D:2)
  An ooze (D:1)
  2 leopard geckos (D:1)
  5 goblins
  2 hobgoblins
  4 jackals (D:1)
  A quokka (D:2)
  6 bats (D:1)
  3 frilled lizards
  5 kobolds (D:1)
  5 rats
35 creatures vanquished.

Notes
Turn   | Place    | Note
-------+----------+-------------------------------------------
     0 | D:1      | pmoppi the Merfolk Skald began the quest for the Orb.
     0 | D:1      | Reached XP level 1. HP: 16/16 MP: 3/3
    87 | D:1      | Reached XP level 2. HP: 19/23 MP: 5/5
   220 | D:1      | Learned a level 2 spell: Song of Slaying
   351 | D:1      | Reached skill level 4 in Polearms
   564 | D:1      | Reached XP level 3. HP: 21/28 MP: 6/6
  1016 | D:2      | Found a sparkling altar of Nemelex Xobeh.
  1250 | D:2      | Found a shimmering altar of Xom.
  1250 | D:2      | Found an opulent altar of Gozag.
  1250 | D:2      | Found a deep blue altar of Sif Muna.
  1286 | D:2      | Noticed Robin
  1570 | D:2      | Killed Robin
  1576 | D:1      | Slain by a goblin

Levels and vault maps discovered:
D:1:      minmay_arrival_doors, layout_basic
D:2:      layout_loops_ring, lemuel_doored_altar, grunt_temple_overflow_open,
          first_ration, uniq_robin

Skill      XL: |  1  2 |
---------------+-------+-----
Polearms       | 4 |  4.7
Fighting       | |  2.9
Armour         | |  0.6
Dodging        | |  2.6
Spellcasting   | |  2.0
Charms         | |  3.8

Action                   || total
-------------------------++-------
Melee: Spear             ||   145
 Cast: Song of Slaying   ||     4
 Stab: Sleeping          ||     1
  Eat: Chunk             ||     2
Armor: Leather armour    ||    20
       Ring mail         ||    10
Dodge: Dodged            ||    46

Table legend:
 A = Non-vault XP
 B = Vault XP
 C = Vault XP percentage of total XP
 D = Non-vault monster count
 E = Vault monster count
 F = Vault count percentage of total count
                 A         B        C        D         E       F
            +---------+---------+-------+---------+---------+-------
      Total |      52 |      23 |  30.7 |      30 |       5 |  14.3
            +---------+---------+-------+---------+---------+-------
        D:1 |      47 |       0 |   0.0 |      26 |       0 |   0.0
        D:2 |       5 |      23 |  82.1 |       4 |       5 |  55.6
            +---------+---------+-------+---------+---------+-------
